 Dungeon Crawl Stone Soup version 0.21.0-3-g78d12a8 (webtiles) character file.

39 MTVSty1e the Digger (level 3, -10/42 HPs)
             Began as a Draconian Earth Elementalist on Jan 13, 2018.
             Mangled by a hobgoblin
             ... wielding a +1 short sword of electrocution
              (19 damage)
             ... on level 2 of the Dungeon.
             The game lasted 00:01:59 (1475 turns).

MTVSty1e the Digger (Draconian Earth Elementalist)  Turns: 1475, Time: 00:02:02

Health: -10/42     AC: 21    Str: 10    XL:     3   Next: 28%
Magic:  5/6        EV:  2    Int: 16    God:
Gold:   114        SH:  0    Dex: 11    Spells: 5/6 levels left

rFire    . . .     SeeInvis .   e - +1 dagger (holy)
rCold    . . .     Gourm    .   (no shield)
rNeg     + + +     Faith    .   (armour unavailable)
rPois    +         Spirit   .   (helmet currently unavailable)
rElec    .         Reflect  .   (cloak currently unavailable)
rCorr    .         Harm     .   (gloves currently unavailable)
MR       .....     NoTele   +   (boots currently unavailable)
Stlth    ++........             (no amulet)
HPRegen  0.14/turn              (no ring)
MPRegen  0.10/turn              (no ring)

@: tree-form
A: unfitting armour, AC +5
a: no special abilities


You were on level 2 of the Dungeon.
You were not hungry.
You were a tree.
You visited 1 branch of the dungeon, and saw 2 of its levels.

You collected 114 gold pieces.

Inventory:

Hand Weapons
 e - a +1 dagger of holy wrath (weapon)
Missiles
 b - 44 stones (quivered)
Jewellery
 i - an uncursed amulet of magic regeneration {unknown}
Scrolls
 a - 3 scrolls of enchant armour {unknown}
 f - a scroll of immolation {unknown}
 g - a scroll of blinking {unknown}
 l - a scroll of teleportation {unknown}
Potions
 h - a potion of mutation {unknown}
 k - a potion of curing {unknown}
Books
 d - a book of Geomancy

   Spells                             Type                      Level
   a - Sandblast                      Earth                        1
   b - Passwall                       Transmutation/Earth          2
   c - Stone Arrow                    Conjuration/Earth            3
   d - Petrify                        Transmutation/Earth          4
   e - Lee's Rapid Deconstruction     Earth                        5
Comestibles
 c - 3 rations
 m - 2 chunks of flesh


   Skills:
 + Level 1.3 Fighting
 - Level 1.7 Dodging
 - Level 1.7 Stealth
 + Level 1.2 Unarmed Combat
 - Level 2.0 Spellcasting
   Level 1.0 Transmutations
 * Level 3.8 Earth Magic


You had 5 spell levels left.
You knew the following spells:

 Your Spells              Type           Power        Failure   Level  Hunger
a - Sandblast             Erth           ##....       4%          1    #......


Dungeon Overview and Level Annotations

Branches:
Dungeon (2/15)

Altars:
Okawaru


Innate Abilities, Weirdness & Mutations

((Your plain brown scales are hard. (AC +5)))
You cannot fit into any form of body armour.
((You are cold-blooded and may be slowed by cold attacks.))


Message History

The hobgoblin hits you with a short sword of electrocution.
You are electrocuted!
Ouch! That really hurt!
* * * LOW HITPOINT WARNING * * *
It was a potion of lignification.
You turn into a tree.
Your roots penetrate the ground.
The hobgoblin hits you but does no damage.
The hobgoblin barely misses you.
Casting: Sandblast
Confirm with . or Enter, or press ? or * to list all spells.
Aiming: Sandblast
Press: ? - help, Shift-Dir - straight line, f - hobgoblin
Aim: a hobgoblin, wielding a club (almost dead)
The blast of sand hits the hobgoblin.
You kill the hobgoblin!
b - 44 stones The hobgoblin hits you with a short sword of electrocution.
* * * LOW HITPOINT WARNING * * *
You are electrocuted!
You die...

#.# #.# #.# ########$#
#........# ####
#.######.#
#...###.######.#######
#.....)....##.........
..#♣##.#.....###.#
##.#g##$......#
#.#..#K.....$.###
#.....#######.......
....#.#.# #.###### . #
..# #+# #..# .$..
#....


You could see a hobgoblin and a kobold.

Vanquished Creatures
  2 leopard geckos (D:1)
  A ball python (D:1)
  5 bats
  A giant cockroach (D:2)
  5 goblins
  7 hobgoblins
  6 kobolds
  A quokka (D:2)
  3 frilled lizards (D:1)
  2 rats (D:2)
33 creatures vanquished.

Notes
Turn   | Place    | Note
-------+----------+-------------------------------------------
     0 | D:1      | MTVSty1e the Draconian Earth Elementalist began the quest for the Orb.
     0 | D:1      | Reached XP level 1. HP: 14/14 MP: 3/3
   208 | D:1      | Reached XP level 2. HP: 19/22 MP: 1/5
   532 | D:1      | Reached skill level 1 in Fighting
   908 | D:1      | Reached skill level 1 in Unarmed Combat
  1086 | D:2      | Reached XP level 3. HP: 17/28 MP: 1/6
  1312 | D:2      | Found an iron altar of Okawaru.
  1475 | D:2      | Mangled by a hobgoblin

Skill      XL: |  1  2 |
---------------+-------+-----
Fighting       | 1 |  1.3
Unarmed Combat | 1 |  1.2
Dodging        | |  1.7
Stealth        | |  1.7
Spellcasting   | |  2.0
Transmutations | |  1.0
Earth Magic    | |  3.8

Action                   || total
-------------------------++-------
Melee: Dagger            ||   104
       Tailslap          ||    12
 Cast: Sandblast         ||    12
  Use: Potion            ||     1
 Stab: Sleeping          ||     5
  Eat: Chunk             ||     2
Armor: Skin              ||    32
Dodge: Dodged            ||    80
